 Seeded DCSS version 0.32-a0-900-g30fb1b0edc (webtiles) character file.

Game seed: 20240405 (custom seed)

36 Orlauf the Twirler (level 3, -2/42 HPs)
             Began as a Demonspawn Gladiator on Apr 5, 2024.
             Slain by a goblin
             ... wielding a +0 club
             ... led by Robin
              (4 damage)
             ... on level 2 of the Dungeon.
             The game lasted 00:01:52 (636 turns).

Orlauf the Twirler (Demonspawn Gladiator)            Turns: 636, Time: 00:01:53

Health: -2/42      AC:  8    Str: 16    XL:     3   Next: 19%
Magic:  3/3        EV: 10    Int:  8    God:
Gold:   38         SH:  0    Dex: 14    Spells: 2/2 levels left

rFire   . . .        a - +0 quarterstaff
rCold   . . .        (shield currently unavailable)
rNeg    . . .        i - +0 ring mail
rPois   .            c - +0 helmet
rElec   .            f - scarf {shadows}
rCorr   .            g - +1 pair of gloves
SInv    .            (no boots)
Will    .....        (no amulet) Stlth
                     (no ring)
HPRegen 0.27/turn    (no ring)
MPRegen 0.08/turn

%: no passive effects
@: berserking, very quick
A: powered by death 1
a: no special abilities


You were on level 2 of the Dungeon.
You visited 1 branch of the dungeon, and saw 2 of its levels.

You collected 38 gold pieces.

Inventory:

Hand Weapons
 a - a +0 quarterstaff (weapon)
Missiles
 d - 3 throwing nets (quivered)
 e - a javelin
Armour
 c - a +0 helmet (worn)
 f - a scarf of shadows (worn)
 g - a +1 pair of gloves (worn)
 i - a +0 ring mail (worn)
Potions
 k - a potion of mutation {unknown}


   Skills:
 + Level 2.6 Fighting
 * Level 3.6 Staves
 - Level 1.7 Throwing
 - Level 2.6 Dodging


You had 2 spell levels left.
You didn't know any spells.
Your spell library contained the following spells:

 Spells                   Type           Power      Damage    Failure   Level
 Passwall                 Erth           0%         N/A       94%         3
 Volatile Blastmotes      Fire/Tloc      0%         2d10      94%         3
 Vhi's Electric Charge    Tloc/Air       0%         N/A       100%        4
 Bombard                  Conj/Erth      0%         9d1       100%        6


Dungeon Overview and Level Annotations

Branches:
Dungeon (2/15)

Altars:

Annotations:
D:2 Robin


Innate Abilities, Weirdness & Mutations

You regenerate a little health from kills.


Message History

The goblin closely misses you. The goblin misses you.
The goblin barely misses you. The goblin hits you but does no damage.
You miss the goblin. The goblin hits you with a +0 club.
The goblin closely misses you. x2; The goblin barely misses you.
You hit Robin but do no damage. The goblin hits you but does no damage.
The goblin misses you. The goblin hits you with a +0 dagger.
The goblin hits you but does no damage. x2; Robin hits you but does no damage.
You completely miss Robin. The goblin barely misses you. x2
The goblin hits you with a +0 dagger. The goblin closely misses you.
A hobgoblin comes into view.
The goblin hits you but does no damage. Robin barely misses you.
You are too injured to fight recklessly!
You are too injured to fight recklessly!
You are too injured to fight recklessly!
You are too injured to fight recklessly!
You are too injured to fight recklessly!
It was a potion of berserk rage.
A red film seems to cover your vision as you go berserk!
You feel yourself moving faster!
You feel mighty!
The hobgoblin shouts!
The goblin barely misses you. The goblin hits you but does no damage.
The goblin hits you with a +0 club. The goblin hits you with a +0 dagger.
Robin roars a battlecry!
The hobgoblin goes into a battle-frenzy!
The goblin hits you but does no damage.
You barely miss Robin. The goblin hits you but does no damage.
The goblin closely misses you.
The goblin hits you but does no damage. x2
The goblin hits you with a +0 club.
* * * LOW HITPOINT WARNING * * *
Robin hits you but does no damage.
You barely miss Robin.
The goblin hits you but does no damage. x2
The goblin hits you with a +0 dagger.
* * * LOW HITPOINT WARNING * * *
The goblin hits you with a +0 club.
* * * LOW HITPOINT WARNING * * *
The goblin hits you with a +0 club.
* * * LOW HITPOINT WARNING * * *
You closely miss Robin. The goblin closely misses you.
The goblin hits you but does no damage. The goblin hits you with a +0 club.
You die...

###.####....#
#†# ##...#
#.# ###.# ..#
#.#
..#########.#
[......)..).#
....#####...#
#. .....ggg)#
.....g@g.#
###..ggg.....
##..g......
#..g......
..........
#..........
...........


You could see Robin, a hobgoblin (strong) and 8 goblins.

Vanquished Creatures
  A dart slug (D:1)
  2 endoplasms (D:1)
  A giant cockroach (D:1)
  6 goblins
  5 hobgoblins
  A kobold (D:1)
  8 ball pythons
  2 bats (D:1)
  2 frilled lizards (D:1)
  3 rats
31 creatures vanquished.

Notes
Turn   | Place    | Note
-------+----------+-------------------------------------------
     0 | D:1      | Orlauf the Demonspawn Gladiator began the quest for the
                  | Orb.
     0 | D:1      | Reached XP level 1. HP: 16/16 MP: 1/1
   117 | D:1      | Reached skill level 3 in Staves
   161 | D:1      | Gained mutation: You regenerate a little health from kills.
                  | [demonic ancestry]
   161 | D:1      | Reached XP level 2. HP: 22/22 MP: 2/2
   245 | D:1      | Found a faded altar of an unknown god.
   602 | D:2      | Reached XP level 3. HP: 28/28 MP: 3/3
   623 | D:2      | Noticed Robin
   635 | D:2      | HP: 1/42 [goblin/+0 club[Robin] (2)]
   636 | D:2      | Slain by a goblin

Illustrated notes

Levels and vault maps discovered:
D:1:      spicycebolla_arrival_risky_transporter, layout_rooms,
          ebering_ecumenical_altar_box, hangedman_decor_lopped, chequers_garden
D:2:      layout_rooms, serial_curves, eino_curves_02, eino_curves_01,
          uniq_crazy_yiuf_cottage, uniq_robin

Skill      XL: |  1 |
---------------+----+-----
Staves         | 3 |  3.6
Fighting       | |  2.6
Throwing       | |  1.7
Dodging        | |  2.6

Action                     || total
---------------------------++-------
  Melee: Quarterstaff      ||    89
    Use: Scroll            ||     2
         Potion            ||     1
 Armour: Ring mail         ||   105
         Leather armour    ||     3
  Dodge: Dodged            ||    53

Table legend: (Time is in decaauts)
 A = Elapsed time spent in this place.
 B = Non-inter-level travel time spent in this place.
 C = Inter-level travel time spent in this place.
 D = Time resting spent in this place.
 E = Time spent auto-exploring this place.
 F = Levels seen in this place.
 G = Mean time per level.
                   A        B        C        D        E       F      G
               +--------+--------+--------+--------+--------+-----+--------+
         Total |    648 |    605 |     43 |      0 |    369 |   2 |  324.0 |
       Dungeon |    648 |    605 |     43 |      0 |    369 |   2 |  324.0 |
               +--------+--------+--------+--------+--------+-----+--------+

Top non-repeatable levels by time:
     D:1: 571 daAuts
     D:2: 77 daAuts
